 Dungeon Crawl Stone Soup version 0.19.1-1-g22dce08 (webtiles) character file.

256 Apogee the Chopper (level 5, 0/45 HPs)
             Began as a Minotaur Fighter on Jan 15, 2017.
             Slain by Duvessa
             ... wielding a +0 short sword
              (3 damage)
             ... on level 4 of the Dungeon.
             The game lasted 00:03:15 (1799 turns).

Apogee the Chopper (Minotaur Fighter)               Turns: 1799, Time: 00:03:15

Health: 0/45       AC:  6    Str: 22    XL:     5   Next: 92%
Magic:  4/4        EV:  9    Int:  5    God:
Gold:   136        SH:  0    Dex:  9    Spells: 0 memorised, 4 levels left

rFire  . . .     SeeInvis .     a - +0 war axe
rCold  . . .     Gourm    .     b - +0 scale mail
rNeg   . . .     Faith    .     (no shield)
rPois  .         Spirit   .     (helmet restricted)
rElec  .         Reflect  .     (no cloak)
rCorr  .         Harm     .     (no gloves)
MR     .....                    (no boots)
Stlth  ..........               (no amulet)
                                (no ring)
                                (no ring)

@: glowing
A: retaliatory headbutt, horns 2
a: no special abilities


You were on level 4 of the Dungeon.
You were not hungry.

You visited 1 branch of the dungeon, and saw 4 of its levels.

You collected 136 gold pieces.


Innate Abilities, Weirdness & Mutations

You reflexively headbutt those who attack you in melee.
You have a pair of horns on your head.


   Skills:
 - Level 3.6 Fighting
 + Level 7.5 Axes
 - Level 3.6 Armour
 - Level 3.6 Shields


You had 4 spell levels left.
You didn't know any spells.

Inventory:

Hand Weapons
 a - a +0 war axe (weapon)
Armour
 b - a +0 scale mail (worn)
 c - a +0 shield
 g - a +0 pair of boots
 m - a +0 plate armour
 v - a cursed +0 pair of boots
Jewellery
 k - an uncursed ring of protection from magic {unknown}
 n - an uncursed ring of see invisible {unknown}
 r - an uncursed ring of ice {unknown}
 s - an uncursed amulet of magic regeneration {unknown}
Wands
 x - a wand of digging (16/24)
Scrolls
 e - 2 scrolls of magic mapping {unknown}
 i - a scroll of remove curse {unknown}
 l - 2 scrolls of blinking {unknown}
 p - 4 scrolls of identify {unknown}
 u - a scroll of immolation {unknown}
Potions
 d - a potion of might
 o - 2 potions of curing {unknown}
 t - a potion of flight {unknown}
Comestibles
 f - 4 bread rations
 h - a royal jelly
 j - 3 chunks of flesh
 q - a meat ration
 w - a beef jerky

Dungeon Overview and Level Annotations

Branches:
Dungeon (4/15)
 Temple: D:4-7

Altars:
Okawaru
Sif Muna
Vehumet

Annotations:
D:4 Duvessa

▒▒▒▒▒▒▒▒▒▒
▒........▒
▒▒▒▒▒▒▒▒.▒
▒.▒▒ ▒<.▒
▒.(▒ ▒..▒
▒▒H▒▒▒▒▒▒..
▒..e)......
▒...▒▒▒▒▒▒.
▒▒..▒ ▒..▒
...▒ ▒▒.▒▒
▒.▒ ..


You could see Duvessa (berserk).


Message History

You are too injured to fight recklessly!
You closely miss Duvessa.
Duvessa is heavily wounded.
Duvessa barely misses you. Duvessa hits you with a short sword.
You slash Duvessa!
Duvessa is severely wounded.
Duvessa hits you with a short sword!
* * * LOW HITPOINT WARNING * * *
You hit Duvessa but do no damage.
Duvessa is severely wounded.
Duvessa hits you with a short sword.
* * * LOW HITPOINT WARNING * * *
Duvessa hits you with a short sword.
* * * LOW HITPOINT WARNING * * *
You slash Duvessa!
Duvessa is almost dead.
Duvessa hits you with a short sword.
* * * LOW HITPOINT WARNING * * *
Duvessa barely misses you.
You closely miss Duvessa.
Duvessa is almost dead.
Duvessa hits you with a short sword.
* * * LOW HITPOINT WARNING * * *
Duvessa hits you with a short sword!
* * * LOW HITPOINT WARNING * * *
You closely miss Duvessa.
Duvessa is almost dead.
Duvessa hits you with a short sword.
You die...

Action                   |  1- 3 |  4- 6 || total
-------------------------+-------+-------++-------
Melee: War axe           |    32 |    91 ||   123
       Headbutt          |     3 |    12 ||    15
  Eat: Chunk             |       |     3 ||     3
Armor: Scale mail        |    18 |    40 ||    58
Dodge: Dodged            |    21 |    30 ||    51
Block: Shield            |     1 |       ||     1

Vault maps used:
D:1:      dpeg_arrival_rooms_c
D:2:      minitemple, kennysheep_okawaru_gauntlet, uniq_natasha
D:3:      wad_river_or_something, first_bread, corexii_leaking_fountain,
          lemuel_another_geyser
D:4:      led_sif_pool, uniq_sigmund, uniq_duvessa

Notes
Turn   | Place    | Note
-------+----------+-------------------------------------------
     0 | D:1      | Apogee the Minotaur Fighter began the quest for the Orb.
     0 | D:1      | Reached XP level 1. HP: 19/19 MP: 0/0
   104 | D:1      | Reached skill level 3 in Axes
   213 | D:1      | Reached XP level 2. HP: 26/26 MP: 1/1
   526 | D:2      | Reached skill level 4 in Axes
   587 | D:2      | Found an iron altar of Okawaru.
   633 | D:2      | Found a radiant altar of Vehumet.
   638 | D:2      | Found a deep blue altar of Sif Muna.
   659 | D:2      | Reached XP level 3. HP: 31/31 MP: 2/2
   726 | D:2      | Noticed Natasha
   731 | D:2      | Killed Natasha
   731 | D:2      | Reached skill level 5 in Axes
   736 | D:2      | Noticed Natasha
   743 | D:2      | Killed Natasha
   743 | D:2      | Reached XP level 4. HP: 39/39 MP: 3/3
   814 | D:2      | Noticed Natasha
   823 | D:2      | Killed Natasha
   924 | D:2      | Reached skill level 6 in Axes
  1130 | D:3      | Reached XP level 5. HP: 42/45 MP: 4/4
  1388 | D:3      | Reached skill level 7 in Axes
  1784 | D:4      | Noticed Duvessa
  1784 | D:4      | Noticed Dowan
  1787 | D:4      | Killed Dowan
  1797 | D:4      | HP: 2/45 [Duvessa/short sword (9)]
  1799 | D:4      | Slain by Duvessa

Vanquished Creatures
  Dowan (D:4)
  Natasha (thrice) (D:2)
  A worker ant (D:3)
  4 adders
  2 worms (D:3)
  4 dart slugs
  3 leopard geckos
  4 orcs (D:3)
  3 giant cockroaches
  5 goblins
  7 hobgoblins
  A ball python (D:3)
  7 bats
  3 frilled lizards
  6 kobolds
  6 rats
60 creatures vanquished.

Vanquished Creatures (others)
  A dart slug (D:3)
  A hobgoblin (D:3)
2 creatures vanquished.

Grand Total: 62 creatures vanquished
